 Dungeon Crawl Stone Soup version 0.25-a0-1133-g93ebf739aa (webtiles) character file.

Game seed: 9309404623744759817, levelgen mode: deterministic

59 Flugslaktarn the Covered (level 3, -3/34 HPs)
             Began as a Deep Dwarf Fighter on May 20, 2020.
             Slain by an ogre
             ... wielding a +0 giant club
              (18 damage)
             ... on level 4 of the Dungeon.
             The game lasted 00:00:23 (527 turns).

Flugslaktarn the Covered (Deep Dwarf Fighter)        Turns: 527, Time: 00:00:24

Health: -3/34      AC:  9    Str: 20    XL:     3   Next: 78%
Magic:  3/3        EV:  5    Int:  8    God:
Gold:   54         SH:  9    Dex: 12    Spells: 2/2 levels left

rFire    . . .     SeeInvis .   a - +0 war axe
rCold    . . .     Gourm    .   c - +0 kite shield
rNeg     . . .     Faith    .   i - +0 chain mail
rPois    .         Spirit   .   (no helmet)
rElec    .         Reflect  .   (no cloak)
rCorr    .         Harm     .   (no gloves)
MR       .....                  (no boots)
Stlth    ..........             (no amulet)
HPRegen  0.00/turn              (no ring)
MPRegen  0.08/turn              (no ring)

@: non-regenerating
A: damage resistance, heal wounds, sense surroundings 1, no regeneration
a: Heal Wounds


You were on level 4 of the Dungeon.
You were not hungry.

You visited 1 branch of the dungeon, and saw 4 of its levels.

You collected 54 gold pieces.

Inventory:

Hand Weapons
 a - a +0 war axe (weapon)
Armour
 b - a +0 scale mail
 c - a +0 kite shield (worn)
 i - a +0 chain mail (worn)
   (You found it on level 2 of the Dungeon)
Scrolls
 h - a scroll of identify {unknown}
 j - a scroll of enchant armour {unknown}
 k - a scroll of fear {unknown}
Potions
 d - a potion of might
 f - 3 potions of curing {unknown}
Comestibles
 e - 2 rations
 g - 9 chunks of flesh


   Skills:
 + Level 3.0 Fighting
 * Level 3.3 Axes
 + Level 3.8 Armour
 + Level 3.7 Shields


You had 2 spell levels left.
You didn't know any spells.
Your spell library was empty.

Dungeon Overview and Level Annotations

Branches:
Dungeon (4/15)
 Temple: D:4-7

Altars:
Dithmenos
Qazlal


Innate Abilities, Weirdness & Mutations

You are resistant to damage.
You can heal yourself by infusing magical energy.
You passively map a small area around you.
You do not regenerate.


Message History

You slash the ogre!
The ogre is heavily wounded.
The ogre hits you with a +0 giant club!
You hit the ogre.
The ogre is heavily wounded.
The ogre barely misses you. x2
You hit the ogre but do no damage.
The ogre is heavily wounded.
The ogre hits you with a +0 giant club!
You slash the ogre!
The ogre is almost dead.
You block the ogre's attack.
Your chain mail prevents you from hitting the ogre.
The ogre is almost dead.
You block the ogre's attack.
You barely miss the ogre.
The ogre is almost dead.
The ogre hits you with a +0 giant club!!
Ouch! That really hurt!
You die...

* , * *
################* *,
...............,, ,
.......!.....# **######
* #$...........#
###..... #............#
#....### *
#..!..O@.$...####......#
*
#.......#####..........#
#.......# #.###......#
#.......# #.# #....... ,
#.......# #.# #....### ,
#.......# #.# ####...# *
#......?. #.# ###.#
#.##.###.####.# #.# *
,#....# #.#


You could see an ogre.

Vanquished Creatures
  An orc priest (D:3)
  An ooze (D:3)
  A dart slug (D:1)
  A leopard gecko (D:2)
  5 orcs (D:3)
  A ball python (D:1)
  A giant cockroach (D:1)
  A goblin (D:3)
  A hobgoblin (D:2)
  2 quokkas
  A frilled lizard (D:1)
  2 rats
18 creatures vanquished.

Notes
Turn   | Place    | Note
-------+----------+-------------------------------------------
     0 | D:1      | Flugslaktarn the Deep Dwarf Fighter began the quest for the
                  | Orb.
     0 | D:1      | Reached XP level 1. HP: 20/20 MP: 1/1
    74 | D:2      | Reached XP level 2. HP: 25/27 MP: 2/2
   196 | D:2      | Found a shadowy altar of Dithmenos.
   288 | D:3      | Found a stormy altar of Qazlal.
   363 | D:3      | Reached XP level 3. HP: 14/34 MP: 3/3
   518 | D:4      | Noticed an ogre
   527 | D:4      | Slain by an ogre

Illustrated notes

Levels and vault maps discovered:
D:1:      mrwooster_arrival_statue_2, layout_basic
D:2:      layout_loops_ring, old_standard_altar, uniq_crazy_yiuf_cottage
D:3:      layout_loops_cross, lemuel_doored_altar,
          chequers_ecumenical_altar_grove, minmay_misc_feat_x
D:4:      layout_basic, lemuel_crystal_altar, marbit_many_paths, first_ration,
          minmay_bisected

Skill      XL: |  1  2 |
---------------+-------+-----
Fighting       | 3 |  3.0
Axes           | 3 |  3.3
Armour         | |  3.8
Shields        | |  3.7

Action                   || total
-------------------------++-------
Melee: War axe           ||    52
 Abil: Heal Wounds       ||     1
Armor: Scale mail        ||    12
       Chain mail        ||     8
Dodge: Dodged            ||    11
Block: Kite shield       ||    27

Table legend:
 A = Non-vault XP
 B = Vault XP
 C = Vault XP percentage of total XP
 D = Non-vault monster count
 E = Vault monster count
 F = Vault count percentage of total count
                 A         B        C        D         E       F
            +---------+---------+-------+---------+---------+-------
      Total |      85 |       0 |   0.0 |      18 |       0 |   0.0
            +---------+---------+-------+---------+---------+-------
        D:1 |      10 |       0 |   0.0 |       5 |       0 |   0.0
        D:2 |       8 |       0 |   0.0 |       4 |       0 |   0.0
        D:3 |      67 |       0 |   0.0 |       9 |       0 |   0.0
            +---------+---------+-------+---------+---------+-------
